 Dungeon Crawl Stone Soup version 0.14.0-17-gc0b17a5 (webtiles) character file.

128 sprout the Sneak (level 4, -1/23 HPs)
             Began as a Vine Stalker Assassin on Apr 18, 2014.
             Shot with a stone by a goblin (3 damage)
             ... on Level 2 of the Dungeon.
             The game lasted 00:02:59 (1065 turns).

sprout the Sneak (Vine Stalker Assassin)            Turns: 1065, Time: 00:02:59

HP  -1/23        AC  3     Str 13      XL: 4   Next: 14%
MP   0/5         EV 12     Int 11      God:
Gold 63          SH  0     Dex 17      Spells:  0 memorised,  3 levels left

rFire  . . .     SeeInvis .     a - +2 dagger
rCold  . . .     Clarity  .     c - +0 robe
rNeg   . . .     Conserve .     (no shield)
rPois  .         rCorr    .     (no helmet)
rElec  .         rRot     +     d - +0 cloak
SustAb . .       Spirit   +     (no gloves)
rMut   .         Warding  .     (no boots)
Saprov . . .     Stasis   .     (no amulet)
MR     .....                    (no ring)
                                (no ring)

@: not resistant to hostile enchantments, quite stealthy
A: fangs 2, regeneration 1, magic shield, antimagic bite, no device heal
a: no special abilities


You were on level 2 of the Dungeon.
You were hungry.

You visited 1 branch of the dungeon, and saw 2 of its levels.

You collected 63 gold pieces.

Inventory:

Hand weapons
 a - a +2,+2 dagger (weapon)
 b - a +0 blowgun
 o - a +1,+1 dagger of speed
Missiles
 e - 8 poisoned needles
 f - 2 curare-tipped needles
Armour
 c - a +0 robe (worn)
 d - a +0 cloak (worn)
Comestibles
 g - 2 bread rations
 r - a pear
Scrolls
 i - a scroll of remove curse {unknown}
 p - a scroll of fog {unknown}
Jewellery
 h - an uncursed ring of poison resistance {unknown}
Potions
 j - a potion of confusion {unknown}
 k - a potion of decay {unknown}
 l - a potion of lignification {unknown}
 m - a potion of flight {unknown}
 n - 2 potions of curing {unknown}
 q - a potion of might {unknown}


   Skills:
 + Level 1.9 Fighting
 + Level 2.3 Short Blades
 + Level 2.0 Throwing
 + Level 1.4 Dodging
 + Level 5.9 Stealth


You had 3 spell levels left.
You didn't know any spells.

Dungeon Overview and Level Annotations

Branches:
Dungeon (2/15)

Altars:

Annotations:
D:2 Ijyb


Innate Abilities, Weirdness & Mutations

You are immune to rotting.
You have extremely sharp teeth.
Your natural rate of healing is unusually fast.
When hurt, damage is shared between your health and your magic reserves.
Your bite disrupts and absorbs the magic of your enemies.
Potions and wands cannot restore your HP.


Message History

You hit Ijyb. Your bite misses Ijyb.
Ijyb is severely wounded.
Ijyb hits you with a club.
You closely miss Ijyb.
Ijyb is severely wounded.
Ijyb hits you with a club!
* * * LOW HITPOINT WARNING * * *
You completely miss Ijyb.
Ijyb is severely wounded.
Ijyb barely misses you.
You hit Ijyb but do no damage. Your bite misses Ijyb.
Ijyb is severely wounded.
The goblin unwields an uncursed sling.
The goblin wields an uncursed dagger.
The goblin hits you but does no damage.
The goblin unwields an uncursed dagger.
The goblin wields an uncursed sling.
The goblin shoots a stone.
The stone hits you!
* * * LOW HITPOINT WARNING * * *
You see here a stone.
The goblin shoots a stone.
The stone hits you!
You die...

.g.......##.....#+####
...g.....##........#
....gg.....+........###.#
.8.8.8.8..##........'...#
########...'........#####
###g#g.......######
#(#.............#
#(..(...#######.# .# ##.gg@..#
#.####.# ########)#+#...^#
#.#....#
.......##.#.#.########'#.....
.......##.#.#................
.......##.#.##...............
...........#.##.........).....
.........###.##..............#
.........# #.##..............#
..........###.##..........###.#


You could see Ijyb and 2 goblins.

Vanquished Creatures
  An adder (D:2)
  A giant mite (D:2)
  A giant gecko (D:2)
  An ooze (D:1)
  3 bats (D:1)
  6 hobgoblins
  3 jackals (D:1)
  3 giant cockroaches (D:1)
  4 giant newts
  12 goblins
  6 kobolds
  6 rats
47 creatures vanquished.

Notes
Turn   | Place    | Note
--------------------------------------------------------------
     0 | D:1      | sprout, the Vine Stalker Assassin, began the quest for the Orb.
     0 | D:1      | Reached XP level 1. HP: 11/11 MP: 1/1
    25 | D:1      | Reached skill level 5 in Stealth
   132 | D:1      | Reached XP level 2. HP: 15/15 MP: 3/3
   358 | D:1      | Reached XP level 3. HP: 18/18 MP: 4/4
   526 | D:1      | Reached skill level 1 in Dodging
   983 | D:2      | Reached XP level 4. HP: 17/23 MP: 5/5
  1025 | D:2      | Noticed Ijyb
  1059 | D:2      | HP: 1/23 [Ijyb/club (6)]
  1065 | D:2      | Shot with a stone by a goblin

Action                   |  1- 3 |  4- 6 || total
-------------------------+-------+-------++-------
Melee: Dagger            |   108 |    30 ||   138
  Use: Scroll            |     3 |       ||     3
 Stab: Sleeping          |     6 |       ||     6
